 Dungeon Crawl Stone Soup version 0.16-a0-3943-gb4b81e6 (console) character file.

112 Fusha the Slasher (level 4, 0/33 HPs)
             Began as a High Elf Berserker on Feb 8, 2015.
             Was a Priest of Trog.
             Slain by an orc
             ... wielding a +0 club
              (3 damage)
             ... on level 3 of the Dungeon.
             The game lasted 00:06:08 (2279 turns).

Fusha the Slasher (High Elf Berserker)              Turns: 2279, Time: 00:06:08

Health: 0/33       AC:  3    Str: 17    XL:     4   Next: 64%
Magic:  7/7        EV: 13    Int: 10    God:    Trog [***...]
Gold:   103        SH:  0    Dex: 15    Spells: 0 memorised, 3 levels left

rFire  . . .     SeeInvis .     a - +0 falchion
rCold  . . .     Clarity  .     b - +0 animal skin
rNeg   . . .     SustAb   .     (no shield)
rPois  .         Gourm    .     (no helmet)
rElec  .         Spirit   .     (no cloak)
rCorr  .         Warding  .     k - +0 pair of gloves
rMut   .         Stasis   .     (no boots)
MR     .....                    (no amulet)
Stlth  ++........               (no ring)
                                (no ring)

@: exhausted, slowed, very slow, not resistant to hostile enchantments,
unstealthy
A: no striking features
a: Burn Spellbooks, Berserk, Trog's Hand, Renounce Religion


You were on level 3 of the Dungeon.
You worshipped Trog.
Trog was most pleased with you.
You were not hungry.

You visited 1 branch of the dungeon, and saw 3 of its levels.

You collected 103 gold pieces.

Inventory:

Hand weapons
 a - a +0 falchion (weapon)
Armour
 b - a +0 animal skin (worn)
 k - a +0 pair of gloves (worn)
Scrolls
 d - 2 scrolls of random uselessness {unknown}
 e - a scroll of enchant weapon {unknown}
 h - 2 scrolls of blinking {unknown}
 m - 5 scrolls of remove curse {unknown}
 p - a scroll of amnesia {unknown}
 q - a scroll of fear {unknown}
Potions
 f - a potion of heal wounds {unknown}
 g - a potion of lignification {unknown}
 i - a potion of cure mutation
 l - a potion of restore abilities
 n - a potion of poison
 o - a potion of haste
Comestibles
 c - 2 bread rations


   Skills:
 + Level 3.8 Fighting
 + Level 4.7 Long Blades
 + Level 1.9 Armour
 + Level 3.4 Dodging
 + Level 1.0 Stealth


You had 3 spell levels left.
You didn't know any spells.

Dungeon Overview and Level Annotations

Branches:
Dungeon (3/15)

Altars:
Dithmenos
Nemelex Xobeh

Annotations:
D:3 Jessica, Robin


Message History

You slash the orc!
You kill the orc!
Trog accepts your kill. The orc hits you with a club.
* * * LOW HITPOINT WARNING * * *
Things that are here:
a dagger; a robe; an orc corpse You barely miss the orc.
You barely miss the orc. The orc misses you.
You hit the orc.
The orc is severely wounded.
The orc barely misses you.
You closely miss the orc.
The orc is severely wounded.
You feel a strong urge to attack something.
You are no longer berserk.
You are exhausted.
You feel yourself slow down. The orc hits you with a club.
You die...

#K# #o# #b# #)#
#########o#
..#####.......#o#
#.........####.#.#
#...####..####.#.#
#.......).#..<@o.#
..#
........#.#.##.###
#.#
...#...#......#
#J##
.....#####.####
...# #.#. ...# #..
#.. .### ... ##
#g# ##.g####g#
#.ggg!g.<#


You could see an orc.

Vanquished Creatures
  An orc wizard (D:3)
  A gnoll (D:1)
  2 adders (D:2)
  2 worms
  2 giant geckos (D:1)
  An orc (D:3)
  4 bats
  3 giant cockroaches
  7 hobgoblins
  2 jackals
  A kobold (D:1)
  4 giant newts
  7 goblins
  5 rats
42 creatures vanquished.

Notes
Turn   | Place    | Note
--------------------------------------------------------------
     0 | D:1      | Fusha, the High Elf Berserker, began the quest for the Orb.
     0 | D:1      | Reached XP level 1. HP: 16/16 MP: 2/2
   156 | D:1      | Reached XP level 2. HP: 21/21 MP: 3/3
   224 | D:1      | Reached skill level 4 in Long Blades
   369 | D:1      | Acquired Trog's second power
   765 | D:1      | Reached XP level 3. HP: 24/27 MP: 5/5
  1818 | D:2      | Reached XP level 4. HP: 17/33 MP: 7/7
  2049 | D:2      | Found a sparkling altar of Nemelex Xobeh.
  2049 | D:2      | Found a shadowy altar of Dithmenos.
  2182 | D:3      | Noticed Jessica
  2182 | D:3      | Noticed Robin
  2261 | D:3      | Reached skill level 1 in Stealth
  2279 | D:3      | Slain by an orc

Action                   |  1- 3 |  4- 6 || total
-------------------------+-------+-------++-------
Melee: Falchion          |   127 |    45 ||   172
Invok: Berserk           |     1 |     1 ||     2
  Use: Scroll            |     4 |       ||     4
 Stab: Sleeping          |     1 |     1 ||     2
  Eat: Pizza             |     1 |       ||     1
       Beef jerky        |     1 |       ||     1
       Fruit             |       |     2 ||     2
       Bread ration      |       |     1 ||     1
